 Dungeon Crawl Stone Soup version 0.22-a0-447-gee5f723 (webtiles) character file.

189 iamserjio the Chopper (level 5, -12/55 HPs)
             Began as an Ogre Gladiator on June 3, 2018.
             Was an Initiate of Okawaru.
             Mangled by an ogre
             ... wielding a +0 giant club
              (25 damage)
             ... on level 3 of the Dungeon.
             The game lasted 00:07:45 (3942 turns).

iamserjio the Chopper (Ogre Gladiator)              Turns: 3942, Time: 00:07:45

Health: -12/55     AC:  3    Str: 18    XL:     5   Next: 68%
Magic:  5/5        EV: 11    Int:  9    God:    Okawaru [......]
Gold:   155        SH:  0    Dex: 11    Spells: 4/4 levels left

rFire    . . .     SeeInvis .   a - +0 war axe
rCold    . . .     Gourm    .   (no shield)
rNeg     . . .     Faith    .   b - +0 robe
rPois    .         Spirit   .   c - +0 hat
rElec    .         Reflect  .   (no cloak)
rCorr    .         Harm     .   (gloves unavailable)
MR       .....                  (boots unavailable)
Stlth    +.........             (no amulet)
HPRegen  0.18/turn              (no ring)
MPRegen  0.09/turn              (no ring)

@: slowed, glowing, very slow
A: large, unfitting armour, tough skin 1
a: Renounce Religion


You were on level 3 of the Dungeon.
You worshipped Okawaru.
Okawaru was noncommittal.
You were not hungry.

You visited 1 branch of the dungeon, and saw 4 of its levels.

You collected 155 gold pieces.

Inventory:

Hand Weapons
 a - a +0 war axe (weapon)
 l - a cursed +0 hand axe
Missiles
 d - 2 throwing nets
 g - 110 stones (quivered)
 k - 34 poisoned needles
Armour
 b - a +0 robe (worn)
 c - a +0 hat (worn)
Wands
 n - a wand of digging (12)
Scrolls
 i - 2 scrolls of teleportation {unknown}
 p - 4 scrolls of identify {unknown}
 s - a scroll of enchant armour {unknown}
Potions
 e - a potion of lignification {unknown}
 h - a potion of agility {unknown}
 j - a potion of might {unknown}
 m - 2 potions of brilliance {unknown}
 o - a potion of magic {unknown}
 q - 2 potions of curing {unknown}
Comestibles
 f - 2 rations


   Skills:
 + Level 4.3 Fighting
 * Level 4.8 Axes
 - Level 2.0 Throwing
 + Level 3.5 Dodging
 + Level 0.4 Invocations


You had 4 spell levels left.
You didn't know any spells.
Your spell library was empty.

Dungeon Overview and Level Annotations

Branches:
Dungeon (4/15)
 Temple: D:4-7

Altars:
Okawaru

Shops:
D:4 [

Annotations:
D:3 jerryfan's ghost, amateur GnAM


Innate Abilities, Weirdness & Mutations

You are too large for most types of armour.
You have tough skin. (AC +1)


Message History

You resist with significant effort.
Jerryfan's ghost says, "When I snap my fingers, you will think you are a chicken."
Jerryfan's ghost points at you and mumbles some strange words.
You feel yourself slow down. Jerryfan's ghost casts a spell at you.
You feel as though you will be slow longer.
The ogre closely misses you.
You are no longer glowing.
Jerryfan's ghost points at you and mumbles some strange words.
You are outlined in light.
The ogre hits you with a giant club! Jerryfan's ghost hits you.
Jerryfan's ghost hits you! The ogre closely misses you.
Jerryfan's ghost hits you.
There is an escape hatch in the ceiling here.
The ogre hits you with a giant club!
Jerryfan's ghost hits you but does no damage.
Jerryfan's ghost hits you!
* * * LOW HITPOINT WARNING * * *
The ogre hits you with a giant club!!
You die...

........ #...........###
#.....#'###...........# #
#....................# #
#....................+ + .
#..............>.....# # ≈.O
##...................## #
≈≈≈≈#.#.........#.........###
#≈≈≈<....OW..#...........'
...≈#≈≈≈#...@...#..........##
≈..≈≈≈≈≈.#......#............
#≈#⌠≈≈≈≈≈≈≈#......#.........##.
≈≈≈.≈O≈≈≈≈≈≈....###.........##'
≈≈...≈≈≈≈≈≈≈.#### #......).....
≈≈[<(≈≈≈≈≈≈..# #............
(..≈≈≈≈≈≈≈## .............
.≈≈≈≈≈≈≈≈# .............
.≈≈≈≈≈≈≈## ..#####......


You could see an ogre and jerryfan's ghost.

Vanquished Creatures
  A worker ant (D:3)
  5 gnolls
  3 adders (D:2)
  An ooze (D:1)
  8 dart slugs
  3 leopard geckos
  An orc (D:3)
  6 bats
  4 giant cockroaches
  8 goblins
  7 hobgoblins
  3 jackals (D:1)
  11 kobolds
  5 frilled lizards
  7 rats
73 creatures vanquished.

Notes
Turn   | Place    | Note
-------+----------+-------------------------------------------
     0 | D:1      | iamserjio the Ogre Gladiator began the quest for the Orb.
     0 | D:1      | Reached XP level 1. HP: 22/22 MP: 1/1
   216 | D:1      | Reached XP level 2. HP: 26/29 MP: 2/2
   621 | D:1      | Reached XP level 3. HP: 23/37 MP: 3/3
  1270 | D:2      | Reached XP level 4. HP: 45/45 MP: 4/4
  2343 | D:2      | Reached XP level 5. HP: 27/54 MP: 5/5
  2813 | D:3      | Noticed an ogre
  2997 | D:3      | Noticed jerryfan's ghost (amateur GnAM)
  3184 | D:3      | Noticed an ogre
  3254 | D:3      | Found an iron altar of Okawaru.
  3319 | D:3      | Became a worshipper of Warmaster Okawaru
  3917 | D:4      | Found Pasecem's Antique Armour Shoppe.
  3917 | D:4      | Noticed a hippogriff
  3942 | D:3      | Mangled by an ogre

Vault maps used:
D:1:      nzn_arrival_settlement
D:2:      minmay_misc_feat_rows, minmay_quantized
D:3:      kennysheep_slugbush, okawaru_altar_gauntlet_db, uniq_grinder
D:4:      minmay_temple_entry_junction, serial_shops, nicolae_shop_trees

Skill      XL: |  1  2  3  4 |
---------------+-------------+-----
Fighting       | 3 4 |  4.3
Dodging        | 3 |  3.5
Axes           | 4 |  4.8
Throwing       | |  2.0
Invocations    | |  0.4

Action                   |  1- 3 |  4- 6 || total
-------------------------+-------+-------++-------
Melee: War axe           |    99 |   124 ||   223
Throw: Stone             |       |     2 ||     2
       Throwing net      |       |     1 ||     1
 Stab: Sleeping          |       |     2 ||     2
  Eat: Chunk             |     1 |     5 ||     6
       Ration            |       |     1 ||     1
Armor: Robe              |    36 |    39 ||    75
Dodge: Dodged            |    75 |    90 ||   165

Table legend:
 A = Spawn XP
 B = Non-spawn XP
 C = Spawn XP percentage of total XP
 D = Spawn monster count
 E = Non-spawn monster count
 F = Spawn count percentage of total count
 G = Total turns spent on level
                    A         B        C        D         E        F      G
               +---------+---------+-------+---------+---------+-------+---------
         Total |       0 |     270 |   0.0 |       0 |      73 |   0.0 |  3942
               +---------+---------+-------+---------+---------+-------+---------
           D:1 |       0 |      74 |   0.0 |       0 |      31 |   0.0 |  1216
           D:2 |       0 |     111 |   0.0 |       0 |      23 |   0.0 |  1837
           D:3 |       0 |      85 |   0.0 |       0 |      19 |   0.0 |   886
               +---------+---------+-------+---------+---------+-------+---------
